 Dungeon Crawl Stone Soup version 0.20-a0-618-gbb8d3ca (webtiles) character file.

568 Kiturien the Chopper (level 7, -3/61 HPs)
             Began as a Hill Orc Fighter on Feb 9, 2017.
             Was a Believer of Qazlal.
             Killed by divine providence
             ... invoked by an orc priest
              (12 damage)
             ... on level 4 of the Dungeon.
             The game lasted 00:15:19 (4146 turns).

Kiturien the Chopper (Hill Orc Fighter)             Turns: 4146, Time: 00:15:23

Health: -3/61      AC:  6    Str: 21    XL:     7   Next: 33%
Magic:  7/7        EV:  9    Int: 14    God:    Qazlal [**....]
Gold:   102        SH: 13    Dex: 10    Spells: 6/6 levels left

rFire    + . .     SeeInvis .   a - +0 war axe
rCold    . . .     Gourm    .   y - +1 robe "Qytity" {Int+6}
rNeg     + . .     Faith    .   c - +0 shield
rPois    .         Spirit   .   g - +0 helmet
rElec    .         Reflect  .   o - +0 cloak
rCorr    .         Harm     .   (no gloves)
MR       .....                  i - +0 pair of boots
Stlth    +.........             (no amulet)
Regen    0.2/turn               (no ring)
                                m - ring of positive energy

@: no status effects
A: hooves 1, fire resistance 1
a: Upheaval, Renounce Religion, Convert to Beogh


You were on level 4 of the Dungeon.
You worshipped Qazlal.
Qazlal was pleased with you.
You were not hungry.

You visited 1 branch of the dungeon, and saw 4 of its levels.
You also visited: Sewer.

You collected 102 gold pieces.

Inventory:

Hand Weapons
 a - a +0 war axe (weapon)
Armour
 c - a +0 shield (worn)
 g - a +0 helmet (worn)
 i - a +0 pair of boots (worn)
 l - a +0 chain mail
 o - a +0 cloak (worn)
 y - the +1 robe "Qytity" (worn) {Int+6}
   (You found it on level 4 of the Dungeon)

   It affects your intelligence (+6).
Jewellery
 m - a ring of positive energy (left hand)
Wands
 q - a wand of lightning (14/15)
Scrolls
 e - 2 scrolls of remove curse
 h - a scroll of identify
 j - 2 scrolls of teleportation
 u - a scroll of blinking
 v - 2 scrolls of enchant armour {unknown}
 w - a scroll of fear {unknown}
Potions
 b - 3 potions of curing
 d - 5 potions of might
 n - 2 potions of mutation
 r - a potion of berserk rage {unknown}
 s - a potion of haste
 t - a potion of brilliance {unknown}
 z - a potion of cure mutation {unknown}
Comestibles
 f - 3 bread rations
 k - 2 meat rations
 p - 2 fruits
 x - 2 chunks of flesh


   Skills:
 * Level 5.0 Fighting
 + Level 7.2 Axes
 + Level 4.3 Armour
 + Level 1.1 Dodging
 * Level 4.9 Shields
 * Level 0.6 Invocations


You had 6 spell levels left.
You didn't know any spells.

Dungeon Overview and Level Annotations

Branches:
Dungeon (4/15)
 Temple: D:4-7

Altars:
Kikubaaqudgha
Qazlal
Uskayaw


Innate Abilities, Weirdness & Mutations

You have large cloven feet.
Your flesh is heat resistant. (rF+)


Message History

Beogh smites you!
The orc priest hits you but does no damage.
You hit the orc priest but do no damage.
The orc priest is moderately wounded.
The orc priest miscasts a cantrip.
You barely miss the orc priest.
The orc priest is moderately wounded.
You block the orc priest's attack.
You barely miss the orc priest.
The orc priest is moderately wounded.
The orc priest mumbles some strange prayers to Beogh against you.
Beogh smites you!
* * * LOW HITPOINT WARNING * * *
The orc priest shouts, "Beogh is our master!
Accept the truth or die!"
You hit the orc priest but do no damage.
The orc priest is moderately wounded.
You block the orc priest's attack.
The orc priest invokes the aid of Beogh against you.
Beogh smites you!
You die...

#.###.#.).#.######.#
#.# #.##.##.##...<.#
#.# #.......##.###.#
#.# ####.#####.###.#
..# #.........#.###
### #######.#.#...
#.#.#†# #(.)o.#
.#####@#####
.....^.)....#
?.####.#.##.# #.#.#
#.#.. #.###. #. . #.
#


You could see an orc priest.

Vanquished Creatures
  A big kobold (Sewer)
  A scorpion (D:4)
  An orc priest (D:4)
  An orc wizard (D:4)
  Jessica (D:3)
  An iguana (D:4)
  Robin (D:3)
  8 gnolls
  9 adders
  2 river rats (Sewer)
  3 oozes
  7 worms
  3 dart slugs
  The ghost of M4edhros the Charlatan, a weakling OpAr (D:3)
  4 leopard geckos
  8 orcs
  6 bats
  6 giant cockroaches
  9 goblins
  9 hobgoblins
  6 jackals (D:4)
  12 kobolds
  4 ball pythons
  6 frilled lizards
  3 rats
113 creatures vanquished.

Notes
Turn   | Place    | Note
-------+----------+-------------------------------------------
     0 | D:1      | Kiturien the Hill Orc Fighter began the quest for the Orb.
     0 | D:1      | Reached XP level 1. HP: 19/19 MP: 1/1
   104 | D:1      | Reached skill level 3 in Axes
   115 | D:1      | You fall through a shaft!
   122 | D:2      | Reached XP level 2. HP: 27/27 MP: 2/2
   221 | D:2      | Noticed an air elemental
   223 | D:2      | Found a stormy altar of Qazlal.
   224 | D:2      | Noticed an earth elemental
   224 | D:2      | Noticed a fire elemental
   224 | D:2      | Noticed a water elemental
   236 | D:2      | Became a worshipper of Qazlal Stormbringer
   670 | D:2      | Reached XP level 3. HP: 25/33 MP: 3/3
   722 | D:2      | Gained mutation: You have large cloven feet. [potion of mutation]
   722 | D:2      | Gained mutation: Your flesh is heat resistant. (rF+) [potion of mutation]
   729 | D:2      | Reached skill level 4 in Axes
   732 | D:2      | Reached XP level 4. HP: 20/40 MP: 4/4
  1297 | D:3      | Noticed M4edhros's ghost (weakling OpAr)
  1304 | D:3      | Killed M4edhros's ghost
  1334 | D:3      | Found a hide-covered altar of Uskayaw.
  1369 | D:3      | Reached * piety under Qazlal
  1396 | D:3      | Reached skill level 5 in Axes
  1396 | D:3      | Reached XP level 5. HP: 33/46 MP: 5/5
  1463 | D:3      | Noticed Robin
  1470 | D:3      | Killed Robin
  1638 | D:3      | Noticed Jessica
  1640 | D:3      | Killed Jessica
  1724 | D:3      | Found a glowing drain.
  1728 | Sewer    | Entered a sewer
  1816 | Sewer    | Noticed a big kobold
  1829 | Sewer    | Killed a big kobold
  1829 | Sewer    | Reached skill level 6 in Axes
  1829 | Sewer    | Reached XP level 6. HP: 55/55 MP: 6/6
  2388 | D:3      | Reached ** piety under Qazlal
  3437 | D:4      | Got a transparent robe
  3448 | D:4      | Identified the +1 robe "Qytity" {Int+6} (You found it on level 4 of the Dungeon)
  3465 | D:4      | Found an ancient bone altar of Kikubaaqudgha.
  3569 | D:4      | Reached XP level 7. HP: 37/60 MP: 7/7
  3635 | D:4      | Reached skill level 7 in Axes
  3889 | D:4      | Reached skill level 1 in Dodging
  4135 | D:4      | Reached skill level 5 in Fighting
  4146 | D:4      | Killed from afar by an orc priest

Vault maps used:
D:1:      grunt_arrival_crossed_arrows
D:2:      nicolae_qazlal_style_of_elements, serial_park_tiny_pond
D:3:      eat_drink_and_be_merry_uskayaw, gup_sewer_entry_bowl, first_bread,
          minivault_14, uniq_robin, uniq_jessica
D:4:      nicolae_overflow_crystal_walls, temple_green
Sewer:    sewer_co_15_rooms

Skill      XL: |  1  2  3  4  5  6  7 |
---------------+----------------------+-----
Axes           | 3 4 5 6 7 |  7.2
Fighting       | 4 5 |  5.0
Armour         | 4 |  4.3
Shields        | 4 |  4.9
Dodging        | 1 |  1.1
Invocations    | |  0.6

Action                   |  1- 3 |  4- 6 |  7- 9 || total
-------------------------+-------+-------+-------++-------
Melee: War axe           |    85 |   263 |    43 ||   391
Evoke: Wand              |       |       |     1 ||     1
  Use: Potion            |     3 |     1 |       ||     4
       Scroll            |       |     6 |       ||     6
  Eat: Chunk             |       |     8 |     1 ||     9
       Royal jelly       |       |     1 |       ||     1
Armor: Scale mail        |    22 |       |       ||    22
       Chain mail        |    32 |   164 |       ||   196
       Robe              |       |     2 |     7 ||     9
Dodge: Dodged            |    14 |    59 |    10 ||    83
Block: Shield            |    45 |   205 |    28 ||   278
